 Dungeon Crawl Stone Soup version 0.21.1-1-g345015f (webtiles) character file.

121 prawnwizard the Insei (level 5, 0/33 HPs)
             Began as an Octopode Transmuter on July 26, 2018.
             Slain by a gnoll
             ... wielding a +0 club
              (8 damage)
             ... on level 2 of the Dungeon.
             The game lasted 00:02:36 (1652 turns).

prawnwizard the Insei (Octopode Transmuter)         Turns: 1652, Time: 00:02:38

Health: 0/33       AC:  1    Str:  9    XL:     5   Next: 5%
Magic:  6/9        EV: 14    Int: 20    God:
Gold:   109        SH:  0    Dex: 13    Spells: 8/9 levels left

rFire    . . .     SeeInvis .     - Unarmed
rCold    . . .     Gourm    .   (no shield)
rNeg     . . .     Faith    .   e - +0 hat
rPois    .         Spirit   .   (no amulet)
rElec    .         Reflect  .   d - +4 ring of intelligence
rCorr    .         Harm     .   (no ring)
MR       .....                  (no ring)
Stlth    ++........             (no ring)
HPRegen  0.11/turn              (no ring)
MPRegen  0.11/turn              (no ring)
                                (no ring)
                                (no ring)

@: appendage
A: almost no armour, stealthy swim, amphibious, 8 rings, constrict 8, tentacle
spike 3, camouflage 1, gelatinous body 1
a: End Transformation


You were on level 2 of the Dungeon.
You were not hungry.
One of your tentacles had a temporary spike.
You visited 1 branch of the dungeon, and saw 2 of its levels.

You collected 109 gold pieces.

Inventory:

Missiles
 a - 85 arrows
Armour
 e - a +0 hat (worn)
Jewellery
 d - a +4 ring of intelligence (left tentacle)
Scrolls
 f - a scroll of identify {unknown}
 g - a scroll of remove curse {unknown}
Books
 b - a book of Changes

   Spells                             Type                      Level
   a - Beastly Appendage              Transmutation                1
   b - Sticks to Snakes               Transmutation                2
   c - Spider Form                    Transmutation/Poison         3
   d - Ice Form                       Ice/Transmutation            4
   e - Blade Hands                    Transmutation                5
Comestibles
 c - 2 rations
 h - 2 chunks of flesh


   Skills:
 - Level 1.0 Fighting
 + Level 2.8 Dodging
 * Level 4.2 Unarmed Combat
 + Level 2.7 Spellcasting
 + Level 2.8 Transmutations


You had 8 spell levels left.
You knew the following spells:

 Your Spells              Type           Power        Failure   Level  Hunger
a - Beastly Appendage     Tmut           ##....       4%          1    None


Dungeon Overview and Level Annotations

Branches:
Dungeon (2/15)

Altars:
Elyvilon
Fedhas
Nemelex Xobeh
Okawaru
Xom


Innate Abilities, Weirdness & Mutations

You cannot wear most types of armour.
You are very stealthy in the water. (Stealth+)
You are amphibious.
You can wear up to eight rings at the same time.
You can use your tentacles to constrict eight enemies at once.
Your skin changes colour to match your surroundings (Stealth+).
Your rubbery body absorbs attacks. (AC +1, EV +1)
One of your tentacles bears a large vicious spike.


Message History

You tentacle-slap the gnoll. You squeeze the gnoll.
The gnoll is severely wounded.
You constrict the gnoll. The bat closely misses you.
The gnoll hits you with an enchanted whip!
The gnoll misses you. The gnoll hits you with a club.
You tentacle-slap the gnoll but do no damage.
You kill the gnoll!
You have reached level 5!
You feel clever. The bat hits you.
The gnoll hits you from afar with a halberd!
* * * LOW HITPOINT WARNING * * *
You tentacle-slap the gnoll. Your grab misses the gnoll.
Your tentacle spike misses the gnoll.
You tentacle-slap the gnoll, but do no damage.
The gnoll is moderately wounded.
The bat hits you.
* * * LOW HITPOINT WARNING * * *
The bat barely misses you. The gnoll hits you with a club!
You die...

.............#......#
###..........# ...
.............###...
.......##..........
.......#...........
.......#...........
.......#..$........
..... #.).........
#..b@.......
#...)g......
#...g..$..#.
#.........#
#.........#
#$........#
#........##
#........'


You could see 2 gnolls and a bat.

Vanquished Creatures
  Natasha (twice) (D:2)
  2 gnolls (D:2)
  An adder (D:2)
  An ooze (D:1)
  A worm (D:2)
  A leopard gecko (D:2)
  8 bats
  3 giant cockroaches (D:1)
  3 goblins
  5 hobgoblins
  2 frilled lizards
  2 kobolds (D:1)
  9 rats
40 creatures vanquished.

Notes
Turn   | Place    | Note
-------+----------+-------------------------------------------
     0 | D:1      | prawnwizard the Octopode Transmuter began the quest for the Orb.
     0 | D:1      | Reached XP level 1. HP: 13/13 MP: 3/3
   155 | D:1      | Reached XP level 2. HP: 18/18 MP: 5/5
   673 | D:1      | Reached XP level 3. HP: 14/23 MP: 6/6
   938 | D:2      | Noticed Natasha
   944 | D:2      | Killed Natasha
   945 | D:2      | Found a shimmering altar of Xom.
   953 | D:2      | Found a white marble altar of Elyvilon.
   954 | D:2      | Found a blossoming altar of Fedhas.
  1078 | D:2      | Found a sparkling altar of Nemelex Xobeh.
  1107 | D:2      | Noticed Natasha
  1112 | D:2      | Killed Natasha
  1112 | D:2      | Reached skill level 4 in Unarmed Combat
  1112 | D:2      | Reached XP level 4. HP: 5/28 MP: 5/7
  1358 | D:2      | Found an iron altar of Okawaru.
  1651 | D:2      | Reached XP level 5. HP: 16/33 MP: 6/9
  1652 | D:2      | Slain by a gnoll

Skill      XL: |  1  2  3 |
---------------+----------+-----
Unarmed Combat | 4 |  4.2
Fighting       | |  1.0
Dodging        | |  2.8
Spellcasting   | |  2.7
Transmutations | |  2.8

Action                   |  1- 3 |  4- 6 || total
-------------------------+-------+-------++-------
Melee: Unarmed           |    60 |    28 ||    88
       Tentacles         |     5 |     4 ||     9
       Constrict         |    21 |     6 ||    27
       Punch             |     1 |     1 ||     2
       Kick              |     6 |     2 ||     8
 Cast: Beastly Appendage |     6 |     2 ||     8
 Stab: Sleeping          |     6 |     1 ||     7
  Eat: Chunk             |     1 |     1 ||     2
Armor: Skin              |    12 |     5 ||    17
Dodge: Dodged            |    39 |    19 ||    58
